 Dungeon Crawl Stone Soup version 0.25-a0-364-ge76b031 (webtiles) character file.

Game seed: 17097796520087662690, levelgen mode: deterministic

455 Birdy the Cleaver (level 7, -3/56 HPs)
             Began as a Hill Orc Gladiator on Jan 4, 2020.
             Slain by a gnoll
             ... wielding a +0 spear
              (5 damage)
             ... on level 5 of the Dungeon.
             The game lasted 00:05:30 (2338 turns).

Birdy the Cleaver (Hill Orc Gladiator)              Turns: 2338, Time: 00:05:30

Health: -3/56      AC:  6    Str: 17    XL:     7   Next: 5%
Magic:  7/7        EV: 12    Int:  8    God:
Gold:   177        SH:  0    Dex: 16    Spells: 6/6 levels left

rFire    . . .     SeeInvis .   a - +0 war axe
rCold    . . .     Gourm    .   (no shield)
rNeg     . . .     Faith    .   j - +0 ring mail
rPois    .         Spirit   .   c - +0 helmet
rElec    .         Reflect  .   (no cloak)
rCorr    .         Harm     .   (no gloves)
MR       .....                  (no boots)
Stlth    +.........             (no amulet)
HPRegen  0.18/turn              k - +2 ring of dexterity
MPRegen  0.10/turn              (no ring)

@: no status effects
A: no striking features
a: no special abilities


You were on level 5 of the Dungeon.
You were near starving.

You visited 2 branches of the dungeon, and saw 5 of its levels.

You collected 177 gold pieces.

Inventory:

Hand Weapons
 a - a +0 war axe (weapon)
Missiles
 d - 3 throwing nets (quivered)
Armour
 c - a +0 helmet (worn)
 j - a +0 ring mail (worn)
Jewellery
 g - an uncursed amulet of harm
 k - a +2 ring of dexterity (left hand)
Scrolls
 b - 2 scrolls of amnesia {unknown}
 e - 2 scrolls of remove curse
 i - a scroll of identify
 l - a scroll of fog
Comestibles
 f - 6 rations


   Skills:
 - Level 2.4 Fighting
 + Level 10.1 Axes
 - Level 1.7 Throwing
 - Level 2.4 Dodging


You had 6 spell levels left.
You didn't know any spells.
Your spell library was empty.

Dungeon Overview and Level Annotations

Branches:
Dungeon (5/15)             Temple (1/1) D:5

Altars:
Ashenzari
Cheibriados
Dithmenos
Elyvilon
Fedhas
Gozag
Hepliaklqana
Nemelex Xobeh
Okawaru
Qazlal
Ru
Sif Muna
Trog
Uskayaw
Vehumet
Yredelemnul
Zin
The Shining One

Shops:
D:5 [?([


Message History

* * * LOW HITPOINT WARNING * * *
The crimson imp misses you.
Okay, then.
The gnoll hits you but does no damage. The crimson imp barely misses you.
The gnoll shaman mumbles some strange prayers to its god.
The gnoll shaman is healed somewhat.
The gnoll closely misses you. The crimson imp hits you.
* * * LOW HITPOINT WARNING * * *
The gnoll hits you from afar with a +0 spear.
* * * LOW HITPOINT WARNING * * *
Okay, then.
You aren't carrying any potions.
Unknown command.
The crimson imp blinks!
Okay, then.
The gnoll shaman calls upon its god to heal the gnoll.
The gnoll is healed somewhat.
The crimson imp blinks!
The gnoll hits you from afar with a +0 spear.
You die...

...#....#.............#.....####
...#....#.............#........#
...#....+......<......#....#.#.##
...#..############...##....._....
..#####..........#...####+##.###.
..#...#...5......#...........# ##
..#...#..........#.........### #
..#...#..........#.........## #
..#...#.......g.@.........∩.#
..#..g#....g.gg.#.......#...#
..'...#....Z....#.......#...#
..#..)'....§....#.#...#.#...#
..#+###.........#.......#'#######
..........###'###.......#........
..........#....##.#...#.#.....>..
..).......#....##.......#........
..........#....+#.......#........


You could see a gnoll shaman, 3 gnolls, a crimson imp and a bullfrog skeleton.

Vanquished Creatures
  Sigmund (D:3)
  A howler monkey (D:3)
  An orc priest (D:5)
  A centaur skeleton (D:5)
  An orc wizard (D:5)
  2 worker ants (D:5)
  2 adders (D:2)
  6 gnolls
  An ooze (D:5)
  A worm (D:2)
  A dart slug (D:1)
  A leopard gecko (D:2)
  4 orcs
  3 giant cockroaches
  4 goblins
  A hobgoblin (D:1)
  7 kobolds
  A quokka (D:2)
  A ball python (D:1)
  2 bats
  6 frilled lizards
  A leopard gecko skeleton (D:3)
  4 rats
53 creatures vanquished.

Notes
Turn   | Place    | Note
-------+----------+-------------------------------------------
     0 | D:1      | Birdy the Hill Orc Gladiator began the quest for the Orb.
     0 | D:1      | Reached XP level 1. HP: 18/18 MP: 1/1
    72 | D:1      | Reached XP level 2. HP: 17/25 MP: 2/2
   176 | D:1      | Reached skill level 5 in Axes
   481 | D:3      | Noticed Sigmund
   483 | D:3      | Noticed a howler monkey
   488 | D:3      | Killed Sigmund
   488 | D:3      | Reached skill level 8 in Axes
   488 | D:3      | Reached XP level 3. HP: 19/30 MP: 3/3
   488 | D:3      | Reached XP level 4. HP: 23/37 MP: 4/4
   488 | D:3      | Reached XP level 5. HP: 26/42 MP: 5/5
   653 | D:2      | Reached XP level 6. HP: 50/50 MP: 6/6
   773 | D:2      | Reached skill level 9 in Axes
  1105 | D:2      | Found a shattered altar of Ashenzari.
  1617 | D:3      | You fall into a shaft and drop 2 floors!
  1617 | D:5      | Entered Level 5 of the Dungeon
  1626 | D:5      | Found Vawogh's Magic Scroll Shoppe.
  1877 | D:5      | Found Tixemepa's Antique Weapon Shoppe.
  1881 | D:5      | Found a shadowy altar of Dithmenos.
  1920 | D:5      | Found a staircase to the Ecumenical Temple.
  1929 | Temple   | Entered the Ecumenical Temple
  2133 | D:5      | Found Vixepa Jowi's Antique Armour Emporium.
  2277 | D:5      | Found Tahezayq's Antique Armour Boutique.
  2294 | D:5      | Reached skill level 10 in Axes
  2294 | D:5      | Reached XP level 7. HP: 55/56 MP: 7/7
  2331 | D:5      | HP: 2/56 [crimson imp (2)]
  2338 | D:5      | Slain by a gnoll

Levels and vault maps discovered:
D:1:      ncdulo_wetmaze, layout_rooms, minmay_box_of_dots
D:2:      layout_basic, nicolae_ashenzari_panopticon, nicolae_underground_beach
D:3:      layout_basic, grunt_temple_overflow_champion_of_chaos, first_ration,
          uniq_terence, uniq_grinder, uniq_sigmund, uniq_natasha
D:5:      layout_gridville, lemuel_crystal_altar, temple_hall, serial_shops,
          shop, shop, nicolae_shop_window_shopping, shop_statue,
          elyvilon_altar_4
Temple:   eino_temple_scatter_basement

Skill      XL: |  1  2  3  4  5  6 |
---------------+-------------------+-----
Axes           | 8 10 | 10.1
Fighting       | |  2.4
Throwing       | |  1.7
Dodging        | |  2.4

Action                   |  1- 3 |  4- 6 |  7- 9 || total
-------------------------+-------+-------+-------++-------
Melee: War axe           |    56 |   110 |    13 ||   179
  Use: Scroll            |     5 |     4 |       ||     9
       Potion            |     2 |     2 |     2 ||     6
 Stab: Invisible         |       |     7 |       ||     7
  Eat: Chunk             |       |     3 |       ||     3
Armor: Leather armour    |    18 |       |       ||    18
       Ring mail         |    12 |    37 |    14 ||    63
Dodge: Dodged            |    34 |    87 |    37 ||   158

Table legend:
 A = Non-vault XP
 B = Vault XP
 C = Vault XP percentage of total XP
 D = Non-vault monster count
 E = Vault monster count
 F = Vault count percentage of total count
                 A         B        C        D         E       F
            +---------+---------+-------+---------+---------+-------
      Total |     421 |     230 |  35.3 |      47 |       6 |  11.3
            +---------+---------+-------+---------+---------+-------
        D:1 |      21 |       7 |  25.0 |      14 |       5 |  26.3
        D:2 |     104 |       0 |   0.0 |      17 |       0 |   0.0
        D:3 |      60 |     223 |  78.8 |       4 |       1 |  20.0
        D:5 |     236 |       0 |   0.0 |      12 |       0 |   0.0
            +---------+---------+-------+---------+---------+-------
